MLB
WASHINGTON NATIONALS @ ATLANTA BRAVES
08/13/2048
 
TOP OF THE 1ST
Washington Nationals batting - Pitching for Atlanta Braves : RHP Jeremy Kasten
Pitching: RHP Jeremy Kasten
Batting: LHB Bi-jun Chien 0-0: Swinging Strike
0-1: Foul Ball, location: 2F
0-2: Strikes out looking
Batting: RHB Dave Vargas 0-0: Ground out 3-1 (Groundball, 34S, EV 88.1 MPH)
Batting: LHB Seth Cook 0-0: SINGLE (Groundball, 4MD, EV 96.9 MPH)
Batting: RHB John Sanders 0-0: Called Strike
0-1: Called Strike
0-2: Fly out, F9 (Flyball, 9, EV 76.2 MPH)
Top of the 1st over - 0 runs, 1 hit, 0 errors, 1 left on base; Washington 0 - Atlanta 0
BOTTOM OF THE 1ST
Atlanta Braves batting - Pitching for Washington Nationals : RHP Chad Mangum
Pitching: RHP Chad Mangum
Batting: RHB Yasuhide Kasahara 0-0: Ball
1-0: Called Strike
1-1: Foul Ball, location: 2F
1-2: Foul Ball, location: 2F
1-2: Ball
2-2: DOUBLE (Line Drive, 78D, EV 110.6 MPH)
Batting: RHB Kevin Howard 0-0: Ball
1-0: Called Strike
1-1: Ball
2-1: Ball
3-1: Bunt missed!
3-2: 2-RUN HOME RUN (Flyball, 7D, EV 96.2 MPH), Distance : 369 ft
Batting: RHB Jeckel Hester 0-0: Ball
1-0: Foul Ball, location: 2F
1-1: Foul Ball, location: 2F
1-2: Foul Ball, location: 2F
1-2: Ball
2-2: Ground out U3 (Groundball, 34S, EV 91.2 MPH)
Batting: RHB Ike Trout 0-0: Called Strike
0-1: Ball
1-1: Fly out, F9 (Flyball, 9LM, EV 99.4 MPH)
Batting: LHB Erik Gretzky 0-0: Called Strike
0-1: DOUBLE (Line Drive, 89XD, EV 106.9 MPH)
Batting: SHB Terry Tuckfard 0-0: Ball
1-0: Swinging Strike
1-1: Ball
2-1: Ground out U3 (Groundball, 34S, EV 77.5 MPH)
Bottom of the 1st over - 2 runs, 3 hits, 0 errors, 1 left on base; Washington 0 - Atlanta 2
TOP OF THE 2ND
Washington Nationals batting - Pitching for Atlanta Braves : RHP Jeremy Kasten
Batting: SHB Tze-meng Gan 0-0: Foul Ball, location: 2F
0-1: Ball
1-1: Swinging Strike
1-2: Strikes out swinging
Batting: LHB Emmanuel Gaskin 0-0: Called Strike
0-1: Ball
1-1: Ground out 4-3 (Groundball, 4D, EV 99.4 MPH)
Batting: LHB Jeff Luvisi 0-0: Ball
1-0: SINGLE (Line Drive, 5D, EV 101.2 MPH)
Batting: RHB Darren McCarty Jr. 0-0: Called Strike
0-1: Foul Ball, location: 2F
0-2: Ball
1-2: Foul Ball, location: 2F
1-2: Strikes out looking
Top of the 2nd over - 0 runs, 1 hit, 0 errors, 1 left on base; Washington 0 - Atlanta 2
BOTTOM OF THE 2ND
Atlanta Braves batting - Pitching for Washington Nationals : RHP Chad Mangum
Batting: RHB Erik Coleman 0-0: Ground out 5-3 (Groundball, 56S, EV 73.1 MPH)
Batting: RHB Bobby Ayala 0-0: SINGLE (Groundball, 6MD, EV 106.2 MPH)
Batting: RHB Liangde Li 0-0: Swinging Strike
0-1: Foul Ball, location: 2F
0-2: DOUBLE (Groundball, 5L, EV 103.8 MPH)
Bobby Ayala to third
Runner from 3rd tries for Home, SAFE, no throw by LF
Batting: RHB Yasuhide Kasahara 0-0: Ball
1-0: Called Strike
Liangde Li steals 3rd base
1-1: Called Strike
1-2: Ball
2-2: Ball
3-2: SINGLE (Groundball, 34D, EV 99.4 MPH)
Liangde Li scores
Batting: RHB Kevin Howard 0-0: Called Strike
0-1: Ball
1-1: Ball
2-1: Called Strike
2-2: Foul Ball, location: 2F
2-2: Ball
3-2: Foul Ball, location: 2F
3-2: SINGLE (Flyball, 4MD, EV 95.0 MPH)
Yasuhide Kasahara to second
Yasuhide Kasahara to third
Batting: RHB Jeckel Hester 0-0: Called Strike
0-1: Swinging Strike
0-2: Ball
1-2: Ball
2-2: SINGLE (Line Drive, 89M, EV 84.4 MPH)
Yasuhide Kasahara scores
Kevin Howard to second
Pitching: RHP Jon Glenn
Batting: RHB Ike Trout 0-0: Foul Ball, location: 2F
0-1: Swinging Strike
0-2: Grounds into double play, 6-4-3 (Groundball, 56, EV 108.1 MPH)
Bottom of the 2nd over - 3 runs, 5 hits, 0 errors, 1 left on base; Washington 0 - Atlanta 5
TOP OF THE 3RD
Washington Nationals batting - Pitching for Atlanta Braves : RHP Jeremy Kasten
Batting: LHB Bob Melley 0-0: Ground out 4-3 (Groundball, 4S, EV 91.2 MPH)
Batting: LHB Bi-jun Chien 0-0: Swinging Strike
0-1: SINGLE (Flyball, 3D, EV 88.1 MPH)
Batting: RHB Dave Vargas 0-0: Ball
Bi-jun Chien is caught stealing 2nd base 2-4
1-0: Ball
2-0: Swinging Strike
2-1: Ball
3-1: Swinging Strike
3-2: Strikes out swinging
Top of the 3rd over - 0 runs, 1 hit, 0 errors, 0 left on base; Washington 0 - Atlanta 5
BOTTOM OF THE 3RD
Atlanta Braves batting - Pitching for Washington Nationals : RHP Jon Glenn
Batting: LHB Erik Gretzky 0-0: Ball
1-0: Ball
2-0: Called Strike
2-1: Ball
3-1: Base on Balls
Batting: SHB Terry Tuckfard 0-0: Called Strike
0-1: Called Strike
0-2: Fielders Choice at 2nd, 4-6 (Groundball, 4S, EV 92.5 MPH)
Batting: RHB Erik Coleman 0-0: Foul Ball, location: 2F
0-1: Foul Ball, location: 2F
0-2: Ball
1-2: Ball
2-2: SINGLE (Groundball, 6MD, EV 102.5 MPH)
Terry Tuckfard to second
Runner from 2nd tries for 3rd, SAFE, throw by CF made to third
Batting: RHB Bobby Ayala 0-0: Ball
Erik Coleman steals 2nd base
1-0: Ball
2-0: Ball
3-0: Called Strike
3-1: Foul Ball, location: 2F
3-2: Base on Balls
Batting: RHB Liangde Li 0-0: Foul Ball, location: 2F
0-1: Swinging Strike
0-2: Strikes out looking
Batting: RHB Yasuhide Kasahara 0-0: Fly out, F8 (Flyball, 8LD, EV 91.9 MPH)
Bottom of the 3rd over - 0 runs, 1 hit, 0 errors, 3 left on base; Washington 0 - Atlanta 5
TOP OF THE 4TH
Washington Nationals batting - Pitching for Atlanta Braves : RHP Jeremy Kasten
Batting: LHB Seth Cook 0-0: Called Strike
0-1: Ball
1-1: Ball
2-1: Ground out 3-1 (Groundball, 34, EV 83.8 MPH)
Batting: RHB John Sanders 0-0: Ball
1-0: Fly out, F9 (Flyball, 9LM, EV 79.4 MPH)
Batting: SHB Tze-meng Gan 0-0: Foul Ball, location: 2F
0-1: Ball
1-1: Ground out 5-3 (Groundball, 56, EV 89.4 MPH)
Top of the 4th over - 0 runs, 0 hits, 0 errors, 0 left on base; Washington 0 - Atlanta 5
BOTTOM OF THE 4TH
Atlanta Braves batting - Pitching for Washington Nationals : RHP Jon Glenn
Batting: RHB Kevin Howard 0-0: Foul Ball, location: 2F
0-1: Called Strike
0-2: Foul Ball, location: 2F
0-2: Ball
1-2: Foul Ball, location: 2F
1-2: Ball
2-2: Ball
3-2: Base on Balls
Batting: RHB Jeckel Hester 0-0: Ball
1-0: Ball
2-0: Called Strike
2-1: Foul Ball, location: 2F
2-2: SINGLE (Groundball, P, EV 83.1 MPH) (infield hit)
Kevin Howard to second
Batting: RHB Ike Trout 0-0: Grounds into double play, 6-4-3 (Groundball, 6, EV 110.6 MPH)
Kevin Howard to third
Batting: LHB Erik Gretzky 0-0: Foul Ball, location: 2F
0-1: Ball
1-1: Ball
2-1: Ground out 1-3 (Groundball, 13S, EV 61.9 MPH)
Bottom of the 4th over - 0 runs, 1 hit, 0 errors, 1 left on base; Washington 0 - Atlanta 5
TOP OF THE 5TH
Washington Nationals batting - Pitching for Atlanta Braves : RHP Jeremy Kasten
Batting: LHB Emmanuel Gaskin 0-0: Ball
1-0: Fly out, F8 (Flyball, 78D, EV 88.1 MPH)
Batting: LHB Jeff Luvisi 0-0: Ball
1-0: Called Strike
1-1: Ball
2-1: Ground out 4-3 (Groundball, 4, EV 101.9 MPH)
Batting: RHB Darren McCarty Jr. 0-0: Ball
1-0: Fly out, F8 (Flyball, 8LD, EV 99.4 MPH)
Top of the 5th over - 0 runs, 0 hits, 0 errors, 0 left on base; Washington 0 - Atlanta 5
BOTTOM OF THE 5TH
Atlanta Braves batting - Pitching for Washington Nationals : RHP Jon Glenn
Batting: SHB Terry Tuckfard 0-0: Ball
1-0: Called Strike
1-1: Swinging Strike
1-2: Ball
2-2: Ball
3-2: SINGLE (Groundball, 6MD, EV 110.0 MPH)
Pitching: LHP Anass Rhammar
Batting: RHB Erik Coleman 0-0: Called Strike
0-1: Ball
Terry Tuckfard steals 2nd base
1-1: Ball
2-1: Ball
3-1: Fly out, F8 (Line Drive, 8RM, EV 88.1 MPH)
Batting: RHB Bobby Ayala 0-0: Swinging Strike
0-1: Ball
1-1: Fly out, F9 (Flyball, 9LM, EV 95.0 MPH)
Runner from 2nd tags up, SAFE at 3rd, no throw by RF
Batting: RHB Liangde Li 0-0: Foul Ball, location: 2F
0-1: Foul Ball, location: 2F
0-2: Strikes out swinging
Bottom of the 5th over - 0 runs, 1 hit, 0 errors, 1 left on base; Washington 0 - Atlanta 5
TOP OF THE 6TH
Washington Nationals batting - Pitching for Atlanta Braves : RHP Jeremy Kasten
Batting: LHB Bob Melley 0-0: Ball
1-0: Called Strike
1-1: Ball
2-1: Foul Ball, location: 2F
2-2: Foul Ball, location: 2F
2-2: Foul Ball, location: 2F
2-2: Foul Ball, location: 2F
2-2: Ball
3-2: Fly out, F7 (Flyball, 78M, EV 89.4 MPH)
Batting: LHB Bi-jun Chien 0-0: Ball
1-0: Ball
2-0: Foul Ball, location: 2F
2-1: Foul Ball, location: 2F
2-2: Foul Ball, location: 2F
2-2: Ground out 6-3 (Groundball, 6MS, EV 67.5 MPH)
Batting: RHB Dave Vargas 0-0: Swinging Strike
0-1: SINGLE (Groundball, 34D, EV 108.8 MPH)
Batting: LHB Seth Cook 0-0: Called Strike
0-1: Ball
1-1: Swinging Strike
1-2: Ball
2-2: Ball
3-2: Foul Ball, location: 2F
3-2: Foul Ball, location: 2F
3-2: Foul Ball, location: 2F
3-2: Fly out, F8 (Flyball, 8LM, EV 84.4 MPH)
Top of the 6th over - 0 runs, 1 hit, 0 errors, 1 left on base; Washington 0 - Atlanta 5
BOTTOM OF THE 6TH
Atlanta Braves batting - Pitching for Washington Nationals : LHP Anass Rhammar
Batting: RHB Yasuhide Kasahara 0-0: Ball
1-0: Ball
2-0: Ball
3-0: Base on Balls
Batting: RHB Kevin Howard 0-0: Ball
1-0: Swinging Strike
1-1: Ball
2-1: Called Strike
2-2: Ball
3-2: Base on Balls
Yasuhide Kasahara to second
Batting: RHB Jeckel Hester 0-0: Ball
1-0: Called Strike
1-1: Called Strike
1-2: Strikes out swinging
Batting: RHB Ike Trout 0-0: Foul Ball, location: 2F
0-1: Called Strike
0-2: Ball
1-2: Ball
2-2: Foul Ball, location: 2F
2-2: Strikes out looking
Batting: LHB Erik Gretzky 0-0: Ball
1-0: Ball
2-0: Called Strike
2-1: Ball
3-1: Called Strike
3-2: Base on Balls
Yasuhide Kasahara to third
Kevin Howard to second
Pitching: RHP Lionardo Rabelo
Batting: SHB Terry Tuckfard 0-0: Called Strike
0-1: Called Strike
0-2: Foul Ball, location: 2F
0-2: Ball
1-2: Ball
2-2: Ground out U3 (Groundball, 3L, EV 102.5 MPH)
Bottom of the 6th over - 0 runs, 0 hits, 0 errors, 3 left on base; Washington 0 - Atlanta 5
TOP OF THE 7TH
Washington Nationals batting - Pitching for Atlanta Braves : RHP Jeremy Kasten
Batting: RHB John Sanders 0-0: Called Strike
0-1: Ball
1-1: Called Strike
1-2: Ball
2-2: Ball
3-2: Fly out, F6 (Popup, 6M, EV 77.5 MPH)
Batting: SHB Tze-meng Gan 0-0: Swinging Strike
0-1: Ball
1-1: Called Strike
1-2: Strikes out looking
Batting: LHB Emmanuel Gaskin 0-0: Ball
1-0: Called Strike
1-1: SINGLE (Groundball, 34D, EV 99.4 MPH)
Batting: LHB Jeff Luvisi 0-0: Swinging Strike
0-1: Called Strike
0-2: Ball
1-2: Fly out, F8 (Flyball, 8LXD, EV 87.5 MPH)
Top of the 7th over - 0 runs, 1 hit, 0 errors, 1 left on base; Washington 0 - Atlanta 5
BOTTOM OF THE 7TH
Atlanta Braves batting - Pitching for Washington Nationals : RHP Lionardo Rabelo
Batting: RHB Erik Coleman 0-0: Called Strike
0-1: Foul Ball, location: 2F
0-2: Foul Ball, location: 2F
0-2: Ball
1-2: Strikes out looking
Batting: RHB Bobby Ayala 0-0: Called Strike
0-1: Foul Ball, location: 2F
0-2: Ball
1-2: Ball
2-2: DOUBLE (Line Drive, 8RXD, EV 97.5 MPH)
Batting: RHB Liangde Li 0-0: Foul Ball, location: 2F
0-1: Called Strike
0-2: Foul Ball, location: 2F
0-2: Strikes out swinging
Batting: RHB Yasuhide Kasahara 0-0: Ball
1-0: Ball
2-0: Called Strike
2-1: Ball
3-1: Fly out, F9 (Line Drive, 9, EV 93.8 MPH)
Bottom of the 7th over - 0 runs, 1 hit, 0 errors, 1 left on base; Washington 0 - Atlanta 5
TOP OF THE 8TH
Washington Nationals batting - Pitching for Atlanta Braves : RHP Jeremy Kasten
Batting: RHB Darren McCarty Jr. 0-0: Ball
1-0: Fly out, F9 (Line Drive, 9D, EV 88.8 MPH)
Batting: LHB Bob Melley 0-0: SINGLE (Groundball, 4MD, EV 102.5 MPH)
Batting: LHB Bi-jun Chien 0-0: Ball
1-0: Ball
2-0: SINGLE (Groundball, 6S, EV 73.1 MPH) (infield hit)
Bob Melley to second
Batting: RHB Dave Vargas 0-0: Called Strike
0-1: Foul Ball, location: 2F
0-2: Strikes out looking
Batting: LHB Seth Cook 0-0: Called Strike
0-1: Foul Ball, location: 2F
0-2: Ball
1-2: Strikes out swinging
Top of the 8th over - 0 runs, 2 hits, 0 errors, 2 left on base; Washington 0 - Atlanta 5
BOTTOM OF THE 8TH
Atlanta Braves batting - Pitching for Washington Nationals : RHP Lionardo Rabelo
Batting: RHB Kevin Howard 0-0: Ball
1-0: Ball
2-0: Ball
3-0: Called Strike
3-1: Called Strike
3-2: Base on Balls
Batting: RHB Jeckel Hester 0-0: Ball
1-0: Fly out, F3 (Line Drive, 3L, EV 75.0 MPH)
Lined into DP, U3 (Line Drive, 3L, EV 72.5 MPH)
Batting: RHB Ike Trout 0-0: Foul Ball, location: 2F
0-1: Ball
1-1: Ball
2-1: Fly out, F8 (Flyball, 89M, EV 84.4 MPH)
Bottom of the 8th over - 0 runs, 0 hits, 0 errors, 0 left on base; Washington 0 - Atlanta 5
TOP OF THE 9TH
Washington Nationals batting - Pitching for Atlanta Braves : RHP Jeremy Kasten
Batting: RHB John Sanders 0-0: Ball
1-0: Swinging Strike
1-1: Swinging Strike
1-2: Ball
2-2: Strikes out swinging
Pitching: RHP Tim Kull
Batting: SHB Tze-meng Gan 0-0: Swinging Strike
0-1: Called Strike
0-2: Strikes out looking
Batting: LHB Emmanuel Gaskin 0-0: Fly out, F9 (Flyball, 89M, EV 98.8 MPH)
Top of the 9th over - 0 runs, 0 hits, 0 errors, 0 left on base; Washington 0 - Atlanta 5
Tuesday, March 28th , 2023 - OOTP Baseball 23.10 Build 110